Elbereth, lawful female human Valkyrie --------------- #..............| ###|.<..(......... ##--+----- ----- # -------------|- #...)...| |.![| ##% #### ###|...%@.| |[))| --------------- # # # #|...)@..# |!.?| |..........>..|### ## ### --------# |!*)| |.............|# ---.--------# % |...| |.............|# |.........(|# # -|--- |..............# |........%.|# # ## --------------- |..........-# # # --.--------- # %*# # # # ########### # --.---|- # |......| ##-.....^| |......| -------- Elbereth the Fighter Experience level: 9 Strength: 18/01 Dexterity: 12 Constitution: 18 Intelligence: 7 Wisdom: 9 Charisma: 6 Health: 0(86) Energy: 18(18) Def: 10 Gold: 3835 Moves: 9064 Dungeon seed: seAVZyj1d5fZUjzu Game ID: Elbereth_1607504647 Your Inventory: Coins $ - 3835 gold pieces Amulets w - an uncursed amulet of reflection (being worn) Weapons a - the blessed rustproof +2 Excalibur (weapon in hand) b - a +0 dagger m - a +1 dagger t - a +0 orcish dagger Armor e - an uncursed +3 small shield (being worn) n - an uncursed thoroughly rusty +0 orcish helm (being worn) q - an uncursed +0 dwarvish cloak (being worn) r - an uncursed rusty +0 pair of iron shoes N - a blessed +0 banded mail (being worn) Comestibles c - 3 uncursed food rations l - 2 uncursed apples s - 2 uncursed oranges E - 6 uncursed lumps of royal jelly K - an uncursed banana M - 2 uncursed cream pies O - an uncursed fortune cookie P - an uncursed egg Q - an uncursed food ration Potions H - 3 uncursed potions of object detection Wands I - a wand of create monster (0:13) Spells and supernatural/magical abilities: Name Level Category Fail Memory l - light 1 divination 100% 56% W - pray for help -- divine ? -- Your skills at the end: Fighting Skills Weapon Skills dagger [Basic] long sword [Basic] Spellcasting Skills Final Attributes: You were piously aligned. You were cold resistant. You were level-drain resistant. You were stunned. You saw invisible. You had automatic searching. You were invisible to others. You were stealthy. You aggravated monsters. You were fast. You had reflection. Tyr was angry with you. You are dead. Vanquished creatures: 2 ghosts a queen bee a fire giant 2 stalkers a small mimic an energy vortex a Grey-elf a giant beetle a quivering blob 2 wolves 9 leprechauns a scorpion an orc mummy 2 rust monsters a yeti a lizard a housecat a raven a gnome mummy a human zombie 6 fire ants 2 wood nymphs 3 water nymphs a rock mole 2 fog clouds 2 yellow lights a shrieker 8 gnome lords a kobold mummy 5 elf zombies a ghoul a straw golem a paper golem a baby crocodile 5 giant ants a little dog a floating eye 2 kittens 5 dwarves a homunculus 4 kobold lords a kobold shaman 8 rothes 2 centipedes 4 giant bats 2 orc zombies 3 dwarf zombies a wererat 17 killer bees an acid blob 2 coyotes 2 hobbits a large kobold a hobgoblin 5 giant rats a cave spider a brown mold 3 yellow molds 2 green molds 27 gnomes 2 gnome zombies 5 geckos 3 jackals 2 foxes 5 goblins a sewer rat 4 grid bugs 2 bats 5 lichens a kobold zombie 8 newts 208 creatures vanquished. Voluntary challenges: You used a wielded weapon 287 times, starting on turn 218. You read items or engraved 11 times, starting on turn 110. You never genocided any monsters. You never polymorphed an object. You never changed form. You used no wishes. You never split a pudding. You never wrote Elbereth's name. You violated your moral code, losing 54 points of alignment, starting on turn 1808. Dungeon overview: The Dungeons of Doom: levels 1 to 11 Level 1 a long staircase Level 2 a delicatessen, a sink stairs to The Gnomish Mines Level 3 Level 4 Level 5 Level 6 stairs to Sokoban Level 7 Level 8 Level 9 a fountain Level 10 a fountain, some sinks Level 11 <- You were here a general store portal to The Quest The Gnomish Mines: levels 3 to 6 Level 3 stairs to The Dungeons of Doom Level 4 Level 5 Level 6 The Quest: Level 1 a fountain portal to The Dungeons of Doom Sokoban: levels 3 to 5 Level 3 Level 4 Level 5 stairs to The Dungeons of Doom History has recorded: On T:1 you entered the Dungeons of Doom to retrieve the Amulet of Yendor! On T:277 you reached level 2 of The Dungeons of Doom. On T:664 you reached level 3 of The Dungeons of Doom. On T:925 you advanced to experience level 2. On T:1044 you reached level 4 of The Dungeons of Doom. On T:1404 you advanced to experience level 3. On T:1427 you reached level 1 of The Gnomish Mines. On T:1473 you reached level 3 of The Gnomish Mines. On T:1564 you advanced to experience level 4. On T:1766 you reached level 4 of The Gnomish Mines. On T:1808 you advanced to experience level 5. On T:2135 you reached level 2 of The Gnomish Mines. On T:2675 you advanced to experience level 6. On T:4544 you reached level 5 of The Dungeons of Doom. On T:4753 you advanced to experience level 7. On T:4940 you reached level 6 of The Dungeons of Doom. On T:5278 you reached level 4 of Sokoban. On T:5621 you reached level 3 of Sokoban. On T:6606 you reached level 2 of Sokoban. On T:7327 you reached level 7 of The Dungeons of Doom. On T:7409 you advanced to experience level 8. On T:7551 you reached level 8 of The Dungeons of Doom. On T:7824 you reached level 9 of The Dungeons of Doom. On T:8264 you reached level 10 of The Dungeons of Doom. On T:8568 you reached level 11 of The Dungeons of Doom. On T:8657 you advanced to experience level 9. On T:8916 you reached level 1 of The Quest. Score breakdown: Gold: 3835 (12191 points) Experience: 9 levels (15756 points) Exploration: 11 levels ( 22.00%) (13552 points) Discoveries: 22 items ( 8.94%) ( 8971 points) Valuables value: (no points given unless you survive) Artifact value: 4000 (12253 points) Variety of kills: 71 monsters ( 18.64%) (12950 points) Turncount: 9064 turns (-2233 points) Survival: died (score multiplied by 80%) Total score: 58752 Latest messages: The Grey-elf thrusts her elven dagger. The Grey-elf hits! You attack thin air. The Grey-elf thrusts her elven dagger. The Grey-elf hits! You attack thin air. (2x) The Grey-elf thrusts her elven dagger. The Grey-elf hits! Sparks fly as you whack the wall. The Grey-elf thrusts her elven dagger. The Grey-elf hits! You attack thin air. The Grey-elf thrusts her elven dagger. The Grey-elf hits! You attack thin air. The Grey-elf thrusts her elven dagger. The Grey-elf hits! You begin praying to Tyr. The Grey-elf thrusts her elven dagger. The Grey-elf hits! You die... Final status: Farvel Elbereth the Valkyrie, killed by a Grey-elf, while praying... You died in The Dungeons of Doom on dungeon level 11 with 58752 points, and 3835 pieces of gold, after 9064 moves. You were level 9 with a maximum of 86 hit points when you died.